AoeStats
← Tim

Arabian Desert

510479522Analyzed
1v1 RM · 11h ago on Oct 1, 2026· 60m 42s· 2 players
Game mode
Random Map
Map size
Tiny (2 player)
Population
200
Speed
Normal
Resources
Standard
Victory
Conquest
Starting age
Dark Age
Ending age
Imperial Age
RankedLock teamsTeams togetherTeam positionsShared explorationLock speedFull tech treeHidden civsTurbo modeCheats
Victory
Defeat
🇲🇽 Burgundians · Mexico
1054
+15
🇺🇸 Vietnamese · United States
1025
-15
Tim
6:35 Loom
9:18 Feudal Age
9:55 Double-Bit Axe
21:02 Castle Age
22:04 Bow Saw
22:55 Fletching
22:26 Crossbowman
25:51 Town Watch
26:44 Wheelbarrow
27:38 Padded Archer Armor
27:34 Bodkin Arrow
30:14 Ballistics
30:35 Gold Mining
30:26 Horse Collar
32:15 Heavy Plow
34:00 Thumb Ring
38:55 Imperial Age
41:09 Paper Money
41:38 Murder Holes
44:07 Two-Man Saw
43:37 Arbalester
44:19 Bracer
49:14 Leather Archer Armor
57:50 Chemistry
57:07 Light Cavalry
57:48 Husbandry
Tarak
6:48 Loom
9:29 Feudal Age
10:18 Double-Bit Axe
11:47 Town Watch
14:44 Bow Saw
16:06 Horse Collar
16:40 Arson
19:14 Heavy Plow
22:23 Castle Age
20:45 Gold Mining
21:00 Scale Mail Armor
20:51 Fletching
23:12 Husbandry
22:35 Light Cavalry
23:41 Forging
24:59 Two-Man Saw
24:56 Scale Barding Armor
25:18 Crossbowman
26:55 Padded Archer Armor
27:22 Squires
30:40 Chain Barding Armor
30:16 Bodkin Arrow
31:14 Wheelbarrow
33:25 Chain Mail Armor
32:35 Cavalier
44:18 Imperial Age
46:59 Chemistry
47:22 Conscription
48:33 Plate Barding Armor
49:55 Gold Shaft Mining
49:51 Murder Holes
50:13 Bracer
51:12 Elite Skirmisher
52:40 Elite Coustillier
53:54 Ballistics
53:02 Hussar
54:38 Crop Rotation
56:49 Burgundian Vineyards
Connection lost

Rejoining the realm…

Still unreachable

The connection could not be restored.

Session expired

The server has moved on; the page needs a fresh start.